AoeStats
← nicopa6947

Arena

519829274Analyzed
3v3 RM · 1d ago on Nov 9, 2026· 44m 51s· 6 players
Game mode
Random Map
Map size
Normal (6 player)
Population
200
Speed
Normal
Resources
Standard
Victory
Conquest
Starting age
Dark Age
Ending age
Imperial Age
RankedLock teamsTeams togetherTeam positionsShared explorationLock speedFull tech treeHidden civsTurbo modeCheats
Victory
Defeat
🇺🇸 Spanish · United States
834
+17
🇺🇸 Celts · United States
811
+31
🇺🇸 Persians · United States
797
+19
vs
🇦🇷 Mongols · Argentina
859
-49
🇦🇷 Byzantines · Argentina
859
-49
🇦🇷 Vietnamese · Argentina
859
-49
Beastronomix
10:37 Feudal Age
11:57 Double-Bit Axe
13:11 Horse Collar
13:42 Gold Mining
19:46 Castle Age
19:17 Scale Mail Armor
19:33 Forging
20:39 Bow Saw
21:07 Wheelbarrow
21:33 Pikeman
24:38 Wheelbarrow
24:50 Chain Mail Armor
26:30 Hand Cart
27:38 Town Watch
28:57 Man-at-Arms
29:54 Town Patrol
30:49 Gold Shaft Mining
33:35 Imperial Age
32:41 Stone Mining
33:08 Forging
33:20 Heavy Plow
32:45 Long Swordsman
34:22 Stone Shaft Mining
33:42 Two-Handed Swordsman
35:39 Halberdier
37:34 Siege Engineers
37:38 Heavy Scorpion
39:11 Champion
41:46 Plate Mail Armor
41:51 Iron Casting
43:33 Furor Celtica
Inspector_Choi
10:30 Feudal Age
9:36 Loom
10:49 Horse Collar
14:14 Wheelbarrow
17:49 Castle Age
17:35 Gold Mining
20:01 Hand Cart
21:52 Double-Bit Axe
24:41 Husbandry
25:09 Parthian Tactics
27:05 Pikeman
27:46 Squires
28:17 Thumb Ring
28:44 Crossbowman
30:41 Fletching
30:51 Padded Archer Armor
34:42 Imperial Age
33:29 Kamandaran
34:20 Bloodlines
34:50 Heavy Cavalry Archer
36:04 Leather Archer Armor
36:49 Cavalier
38:52 Scale Barding Armor
40:06 Savar
43:29 Chain Barding Armor
43:40 Ring Archer Armor
43:13 Heavy Plow
44:23 Chemistry
44:31 Conscription
cflashf1
4:08 Loom
10:08 Feudal Age
17:10 Castle Age
15:06 Double-Bit Axe
16:56 Wheelbarrow
16:05 Horse Collar
23:22 Bow Saw
25:54 Gold Mining
29:16 Imperial Age
27:10 Hand Cart
26:42 Town Watch
26:58 Stone Mining
29:11 Caravan
31:39 Chemistry
30:03 Elite Conquistador
31:25 Ballistics
31:31 Conscription
31:26 Husbandry
31:51 Town Patrol
33:30 Bloodlines
34:34 Forging
34:32 Scale Barding Armor
35:49 Stone Shaft Mining
35:02 Cavalier
37:44 Iron Casting
37:31 Chain Barding Armor
36:36 Paladin
39:31 Bombard Tower
FastPlum293
12:50 Feudal Age
14:40 Gold Mining
14:37 Double-Bit Axe
14:35 Horse Collar
20:48 Castle Age
19:50 Scale Mail Armor
20:01 Forging
23:04 Wheelbarrow
22:14 Loom
22:41 Pikeman
25:09 Stone Mining
26:51 Bow Saw
29:07 Fortified Wall
28:54 Murder Holes
29:15 Heavy Plow
29:54 Stone Shaft Mining
31:24 Hand Cart
32:01 Gold Shaft Mining
32:06 Iron Casting
31:47 Chain Mail Armor
31:37 Scale Barding Armor
36:31 Greek Fire
39:52 Imperial Age
40:22 Loom
40:26 Elite Cataphract
42:55 Hoardings
44:19 Guard Tower
45:31 Chemistry
43:58 Elite Varangian Guard
nicopa6947
4:05 Loom
10:19 Feudal Age
11:33 Horse Collar
18:04 Double-Bit Axe
21:20 Wheelbarrow
26:37 Castle Age
25:44 Scale Barding Armor
26:02 Forging
34:13 Imperial Age
33:12 Hand Cart
34:57 Chain Barding Armor
35:15 Iron Casting
40:27 Husbandry
40:37 Bloodlines
39:49 Cavalier
39:59 Light Cavalry
BothCastle02071
10:48 Feudal Age
14:28 Horse Collar
14:35 Double-Bit Axe
19:27 Castle Age
19:14 Gold Mining
19:15 Stone Mining
20:56 Forging
21:37 Scale Mail Armor
23:51 Iron Casting
23:42 Loom
24:40 Wheelbarrow
23:55 Town Watch
25:51 Bow Saw
26:56 Chain Mail Armor
26:50 Scale Barding Armor
27:10 Heavy Plow
28:54 Town Patrol
30:11 Gold Shaft Mining
30:02 Chain Barding Armor
30:36 Caravan
31:26 Coinage
30:32 Man-at-Arms
31:13 Squires
32:29 Stone Shaft Mining
32:45 Hand Cart
37:40 Imperial Age
35:04 Arson
36:46 Ballistics
35:55 Long Swordsman
36:39 Pikeman
39:08 Hoardings
38:34 Nomads
38:56 Conscription
42:08 Drill
42:23 Hoardings
41:11 Elite Mangudai
42:12 Drill
42:52 Banking
43:25 Blast Furnace
42:16 Fletching
42:57 Plate Mail Armor
42:28 Padded Archer Armor
42:41 Masonry
43:32 Chemistry
42:45 Fortified Wall
43:20 Sappers
Connection lost

Rejoining the realm…

Still unreachable

The connection could not be restored.

Session expired

The server has moved on; the page needs a fresh start.